 Dungeon Crawl Stone Soup version 0.32-a0-918-g0f22ef8d61 (webtiles) character file.

Game seed: 6132657202832712866

4527 Fodor the Basher (level 10, -12/81 HPs)
             Began as an Armataur Gladiator on Apr 10, 2024.
             Was an Initiate of Gozag.
             Mangled by a two-headed ogre
             ... wielding a +0 giant club
              (16 damage)
             ... on level 8 of the Dungeon.
             The game lasted 00:22:14 (6288 turns).

Fodor the Basher (Armataur Gladiator)               Turns: 6288, Time: 00:22:15

Health: -12/81     AC: 12    Str: 24    XL:     10   Next: 17%
Magic:  10/10      EV:  8    Int:  9    God:    Gozag
Gold:   344        SH:  0    Dex: 13    Spells: 9/9 levels left

rFire   . . .        w - +5 great mace of Doom {flame, rPois Will+ Dex+2}
rCold   . . .        (shield currently unavailable)
rNeg    + . .        L - +1 scale mail {rN+}
rPois   +            c - +0 helmet
rElec   .            u - +0 cloak
rCorr   .            h - +0 pair of gloves
SInv    .            (no barding)
Will    ++...        K - amulet of regeneration Stlth
                     m - ring of willpower
HPRegen 3.08/turn    Q - ring of poison resistance
MPRegen 1.11/turn

%: roll
@: no status effects
A: large, deformed body, tough skin 3, armoured tail, rollpage 2
a: Renounce Religion, Potion Petition, Call Merchant, Bribe Branch


You were on level 8 of the Dungeon.
You worshipped Gozag.
Gozag was aware of your devotion.
You visited 2 branches of the dungeon, and saw 9 of its levels.
You also visited: Ossuary.

You collected 696 gold pieces.
You spent 162 gold pieces at shops.
You paid 190 gold pieces to Gozag.

Inventory:

Hand Weapons
 p - a +0 orcbow
 w - the +5 great mace of Doom (weapon) {flame, rPois Will+ Dex+2}
   (You took it off an ogre on level 3 of the Dungeon)

   Dex+2:     It affects your dexterity (+2).
   rPois:     It protects you from poison.
   Will+:     It increases your willpower.
Missiles
 d - 6 boomerangs (quivered)
Armour
 c - a +0 helmet (worn)
 h - a +0 pair of gloves (worn)
 u - a +0 cloak (worn)
 L - a +1 scale mail of positive energy (worn)
 N - a +0 plate armour
Jewellery
 m - a ring of willpower (left hand)
 K - an amulet of regeneration (around neck)
 Q - a ring of poison resistance (right hand)
Wands
 e - a wand of flame (30)
 B - a wand of paralysis (22)
Scrolls
 b - 2 scrolls of silence
 g - a scroll of summoning
 j - 5 scrolls of revelation
 n - 3 scrolls of fog
 s - 2 scrolls of poison {unknown}
 v - 3 scrolls of teleportation
 y - 2 scrolls of brand weapon
 C - 4 scrolls of blinking
 D - 2 scrolls of fear {unknown}
 G - 2 scrolls of enchant weapon
 H - a scroll of immolation {unknown}
 I - a scroll of noise {unknown}
 J - 3 scrolls of amnesia {unknown}
 M - a scroll of enchant armour {unknown}
 P - a scroll of identify
Potions
 a - a potion of lignification {unknown}
 f - 2 potions of berserk rage {unknown}
 i - 2 potions of mutation {unknown}
 k - 6 potions of heal wounds {unknown}
 l - a potion of ambrosia {unknown}
 o - 3 potions of haste {unknown}
 q - a potion of brilliance {unknown}
 r - 3 potions of degeneration {unknown}
 t - 3 potions of cancellation {unknown}
 x - a potion of magic {unknown}
 z - 5 potions of curing {unknown}
 A - 3 potions of enlightenment {unknown}
 E - a potion of attraction {unknown}
 F - a potion of resistance {unknown}
 O - a potion of might {unknown}


   Skills:
 + Level 5.2 Fighting
 + Level 5.2(7.2) Axes
 + Level 8.4(9.3) Maces & Flails
 + Level 1.8 Ranged Weapons
 + Level 2.1 Throwing
 + Level 6.7 Armour
 + Level 4.7 Dodging
 + Level 1.5 Stealth


You had 9 spell levels left.
You didn't know any spells.
Your spell library contained the following spells:

 Spells                   Type           Power      Damage    Failure   Level
 Foxfire                  Conj/Fire      0%         2x1d4     65%         1
 Sting                    Conj/Alch      0%         1d3       65%         1
 Call Imp                 Summ           0%         N/A       80%         2
 Mercury Vapours          Alch/Air       0%         N/A       80%         2
 Sublimation of Blood     Necr           0%         N/A       80%         2
 Tukima's Dance           Hex            0%         N/A       95%         3
 Dimensional Bullseye     Hex/Tloc       0%         N/A       100%        4
 Iskenderun's Mystic Bla Conj/Tloc 0%             2d3        (+2d1     100%        4
 Olgreb's Toxic Radiance  Alch           0%         N/A       100%        4
 Plasma Beam              Fire/Air       0%         2x1d10    100%        6
 Starburst                Conj/Fire      0%         6d3       100%        6
 Summon Hydra             Summ           0%         N/A       100%        7


Dungeon Overview and Level Annotations

Branches:
Dungeon (8/15)             Temple (1/1) D:7         Ossuary (visited)
   Lair: D:8-11

Altars:
Ashenzari
Cheibriados
Dithmenos
Elyvilon
Gozag
Hepliaklqana
Kikubaaqudgha
Makhleb
Nemelex Xobeh
Okawaru
Qazlal
Ru
Sif Muna
Trog
Uskayaw
Vehumet
Wu Jian
Xom
Yredelemnul
Zin
The Shining One

Shops:
D:7 *


Innate Abilities, Weirdness & Mutations

Armour fits poorly on your strangely shaped body.
You have extremely tough skin. (AC +3)
You have a long armoured tail.
You regenerate magic and health when rolling toward enemies. (Rampage Regen)


Message History

The two-headed ogre is lightly wounded.
The yak gores you. The yak gores you but does no damage.
The two-headed ogre closely misses you.
The two-headed ogre hits you with a +0 giant spiked club!
The yak gores you but does no damage. The yak barely misses you.
The centaur unwields a +0 shortbow.
The centaur completely misses you. The centaur closely misses you.
The yak gores you.
You hit the two-headed ogre. You burn the two-headed ogre.
You tail-slap the two-headed ogre, but do no damage.
The two-headed ogre is lightly wounded.
The two-headed ogre hits you with a +0 giant club!
The two-headed ogre hits you but does no damage.
The centaur barely misses you. x2; The yak gores you. x2; The yak gores you!
You hit the two-headed ogre. You burn the two-headed ogre.
The two-headed ogre is moderately wounded.
The centaur barely misses you.
The centaur kicks you but does no damage.
The centaur hits you but does no damage.
The centaur kicks you but does no damage.
The yak gores you but does no damage.
The two-headed ogre hits you with a +0 giant club!
The two-headed ogre hits you with a +0 giant spiked club!
* * * LOW HITPOINT WARNING * * *
The yak closely misses you. x2
You sock the two-headed ogre! You burn the two-headed ogre.
You tail-slap the two-headed ogre!
The two-headed ogre is severely wounded.
The centaur hits you but does no damage.
The centaur kicks you but does no damage.
The yak gores you but does no damage. The yak barely misses you.
The yak gores you!
* * * LOW HITPOINT WARNING * * *
The centaur hits you but does no damage.
The centaur kicks you.
* * * LOW HITPOINT WARNING * * *
The two-headed ogre hits you with a +0 giant club!
* * * LOW HITPOINT WARNING * * *
The two-headed ogre hits you with a +0 giant spiked club!
You die...
Your body crumbles into a pile of gold.

.....!... ........###
.O.......## #
...#.....### ..
##.##.#..#....##.#
#..#..............
...#..YO.............
......Y@.............
......Yc...........##
..........#.#........
.....#.....##........
.....#................
......................
.....................
.###...............##.
.## .#......####.....


You could see a two-headed ogre, 3 yaks and a centaur.

Vanquished Creatures
  Pikel (D:5)
  Joseph (D:8)
  Grinder (D:3)
  A wraith (D:7)
  2 steam dragons (D:7)
  2 water moccasins (D:7)
  The ghost of spaghetti the Cudgeller, an amateur OnBe of Trog (D:3)
  3 ice beasts
  2 black bears
  2 sky beasts
  An orc warrior (D:7)
  6 ogres
  2 lemures (D:5)
  A phantom (D:6)
  3 centaurs
  A kobold brigand (D:6)
  3 bullfrogs
  4 scorpions
  A jelly (D:7)
  An orc priest (D:8)
  Crazy Yiuf (D:3)
  6 hounds
  A gnoll bouda (D:5)
  2 iguanas
  Jessica (D:2)
  3 orc wizards
  8 mummies (Ossuary)
  3 gnolls (D:5)
  3 adders
  A shadow imp (D:4)
  4 ufetubi
  2 dart slugs
  2 ribbon worms
  20 orcs
  5 ball pythons
  6 endoplasms
  4 giant cockroaches
  A gnoll zombie (D:7)
  4 goblins
  7 hobgoblins
  8 jackals
  5 quokkas
  3 bats
  A frilled lizard (D:1)
  5 hobgoblin zombies (Ossuary)
  10 kobolds
  A kobold zombie (Ossuary)
  2 orc zombies (Ossuary)
  24 rats
  2 rat zombies (D:7)
184 creatures vanquished.

Notes
Turn   | Place    | Note
-------+----------+-------------------------------------------
     0 | D:1      | Fodor the Armataur Gladiator began the quest for the Orb.
     0 | D:1      | Reached XP level 1. HP: 17/17 MP: 1/1
    86 | D:1      | Reached XP level 2. HP: 24/24 MP: 2/2
   411 | D:1      | Reached XP level 3. HP: 29/29 MP: 3/3
   762 | D:2      | Noticed Jessica
   769 | D:2      | Killed Jessica
   770 | D:2      | Reached skill level 1 in Armour
   770 | D:2      | Reached XP level 4. HP: 37/37 MP: 4/4
  1419 | D:3      | Noticed a scorpion
  1425 | D:3      | Killed a scorpion
  1426 | D:3      | Reached XP level 5. HP: 38/42 MP: 5/5
  1483 | D:3      | Found a runed translucent door.
  1484 | D:3      | Noticed Crazy Yiuf
  1499 | D:3      | Killed Crazy Yiuf
  1500 | D:3      | HP: 2/42 [poisoned by Crazy Yiuf]
  1683 | D:3      | Noticed Grinder
  1697 | D:3      | Killed Grinder
  1698 | D:3      | Reached XP level 6. HP: 25/50 MP: 6/6
  1944 | D:3      | Found a transporter.
  1945 | D:3      | Identified the +5 great mace of Doom {flame, rPois Will+
                  | Dex+2}
  1945 | D:3      | Noticed spaghetti's ghost (amateur OnBe)
  1957 | D:3      | Found a transporter.
  2008 | D:3      | Reached skill level 1 in Maces & Flails
  2016 | D:3      | HP: 1/51 [spaghetti's ghost (4)]
  2018 | D:3      | Killed spaghetti's ghost
  2019 | D:3      | Reached skill level 5 in Axes
  2019 | D:3      | Gained mutation: You regenerate magic and health when
                  | rolling toward enemies. (Rampage Regen) [Armataur growth]
  2019 | D:3      | Reached XP level 7. HP: 2/57 MP: 7/7
  2412 | D:3      | Reached skill level 2 in Maces & Flails
  2654 | D:4      | Reached skill level 3 in Maces & Flails
  2654 | D:4      | Reached skill level 1 in Stealth
  2933 | D:5      | Entered Level 5 of the Dungeon
  2982 | D:5      | Reached XP level 8. HP: 55/64 MP: 8/8
  3066 | D:5      | Noticed Pikel
  3090 | D:5      | Killed Pikel
  3091 | D:5      | Reached skill level 5 in Maces & Flails
  3601 | D:6      | Reached skill level 6 in Maces & Flails
  3659 | D:6      | Reached XP level 9. HP: 21/71 MP: 9/9
  3954 | D:6      | Found an ancient bone altar of Kikubaaqudgha.
  4232 | D:6      | Reached skill level 5 in Armour
  4659 | D:7      | Reached skill level 1 in Ranged Weapons
  4665 | D:7      | Reached skill level 7 in Maces & Flails
  4797 | D:7      | Found a sand-covered staircase.
  4893 | Ossuary  | Entered an ossuary
  5387 | D:7      | Found a shimmering altar of Xom.
  5414 | D:7      | Reached skill level 5 in Fighting
  5654 | D:7      | Found Tiwuan's Assorted Antiques.
  5778 | D:7      | Reached XP level 10. HP: 81/81 MP: 10/10
  5815 | D:7      | Found a staircase to the Ecumenical Temple.
  5824 | Temple   | Entered the Ecumenical Temple
  5863 | Temple   | Became a worshipper of Gozag Ym Sagoz the Greedy
  6035 | D:7      | Bought an orange potion for 21 gold pieces
  6035 | D:7      | Bought a viscous orange potion for 21 gold pieces
  6035 | D:7      | Bought a runed golden ring for 120 gold pieces
  6098 | D:8      | Noticed Joseph
  6109 | D:8      | Reached skill level 8 in Maces & Flails
  6113 | D:8      | Killed Joseph
  6279 | D:8      | Noticed a two-headed ogre
  6288 | D:8      | HP: 4/81 [two-headed ogre/+0 giant club (14)]
  6288 | D:8      | Mangled by a two-headed ogre

Illustrated notes

Levels and vault maps discovered:
D:1:      scummos_arrival_hexagon, layout_rooms, ebering_dispersal_statue_hall
D:2:      layout_loops_ring, minmay_rat_hole, uniq_jessica
D:3:      layout_rooms, gammafunk_ghost_smash, uniq_grinder,
          uniq_crazy_yiuf_cottage
D:4:      layout_gridville
D:5:      layout_gridville, uniq_pikel
D:6:      layout_basic, nicolae_kikubaaqudgha_miasma_corner
D:7:      layout_basic, mainiacjoe_overflow_alcove_2,
          minmay_temple_entry_poolview, serial_shops, shop, enter_ossuary_3,
          grunt_ministairs_7, minivault_27, serial_bayou_lagoon_a,
          nicolae_twisty_statue_hallways
D:8:      layout_cave_pools, uniq_joseph, uniq_jeremiah
Temple:   nicolae_temple_bog_church

Skill      XL: |  1  2  3  4  5  6  7  8  9 10 |
---------------+-------------------------------+-----
Fighting       | 2 3 4 5 |  5.2
Axes           | 3 4 5 |  5.2
Armour         | 1 2 3 4 6 |  6.7
Maces & Flails | 1 3 6 7 8 |  8.4
Dodging        | 3 4 |  4.7
Stealth        | 1 |  1.5
Throwing       | 2 |  2.1
Ranged Weapons | 1 |  1.8

Action                     |  1- 3 |  4- 6 |  7- 9 | 10-12 || total
---------------------------+-------+-------+-------+-------++-------
  Melee: War axe           |    81 |    69 |       |       ||   150
         Tailslap          |     8 |    11 |    32 |     7 ||    58
         Mace              |       |    43 |     8 |       ||    51
         Great mace        |       |       |   227 |    37 ||   264
   Fire: Orcbow            |       |       |    18 |       ||    18
  Throw: Throwing net      |       |       |     4 |       ||     4
    Use: Scroll            |       |       |     8 |       ||     8
   Stab: Sleeping          |       |       |     2 |       ||     2
 Armour: Leather armour    |    74 |    81 |    88 |       ||   243
         Ring mail         |       |       |    76 |       ||    76
         Chain mail        |       |       |    71 |       ||    71
         Scale mail        |       |       |   118 |   106 ||   224
  Dodge: Dodged            |    44 |    53 |   186 |    51 ||   334

Table legend: (Time is in decaauts)
 A = Elapsed time spent in this place.
 B = Non-inter-level travel time spent in this place.
 C = Inter-level travel time spent in this place.
 D = Time resting spent in this place.
 E = Time spent auto-exploring this place.
 F = Levels seen in this place.
 G = Mean time per level.
                   A        B        C        D        E       F      G
               +--------+--------+--------+--------+--------+-----+--------+
         Total |   6450 |   6378 |     72 |    791 |   3123 |  10 |  645.0 |
       Dungeon |   6171 |   6099 |     72 |    778 |   3062 |   8 |  771.4 |
        Temple |     65 |     65 |      0 |      0 |      0 |   1 |   65.0 |
       Ossuary |    213 |    213 |      0 |     13 |     61 |   1 |  213.0 |
               +--------+--------+--------+--------+--------+-----+--------+

Top non-repeatable levels by time:
     D:3: 1260 daAuts
     D:7: 1182 daAuts
     D:6: 1125 daAuts
     D:2: 814 daAuts
     D:5: 639 daAuts
     D:1: 561 daAuts
     D:4: 373 daAuts
 Ossuary: 213 daAuts
     D:8: 213 daAuts
  Temple: 65 daAuts
